 Dungeon Crawl Stone Soup version 0.24.0-37-gcf1ca852f1 (webtiles) character file.

Game seed: 3923644986775383098, levelgen mode: deterministic

1967783 Gumption the Hoplite (level 27, 301/301 HPs)
             Began as a Deep Dwarf Fighter on Nov 20, 2019.
             Was the Champion of Makhleb.
             Escaped with the Orb
             ... and 3 runes on Nov 22, 2019!
             The game lasted 09:58:39 (61177 turns).

Gumption the Hoplite (Deep Dwarf Fighter)          Turns: 61177, Time: 09:58:40

Health: 301/301    AC: 42    Str: 27    XL:     27
Magic:  17/17      EV: 30    Int: 20    God:    Makhleb [******]
Gold:   6828       SH: 44    Dex: 29    Spells: 51/51 levels left

rFire    + + .     SeeInvis +   a - +9 broad axe (elec)
rCold    + + .     Gourm    .   j - +8 large shield
rNeg     + . .     Faith    .   A - +9 storm dragon scales of Vesoet {rElec rC+ Int+7 Dex+9}
rPois    .         Spirit   .   c - +2 helmet "Teofofisim" {+Inv rC+ Int+4}
rElec    +         Reflect  +   J - +2 cloak
rCorr    .         Harm     .   Y - +3 pair of gauntlets of War {Slay+5}
MR       ++++.     Rnd*Rage +   x - +2 pair of boots
Stlth    ..........             E - brooch of Shielding {Reflect SH+8}
HPRegen  0.00/turn              L - ring of protection from fire
MPRegen  0.15/turn              i - ring of Pragmatism {rF+ Dex+4 SInv}

@: non-regenerating
A: damage resistance, heal wounds, fangs 1, agile 1, berserk 3, blurry vision 2,
deformed body, dopey 1, low mp 2, negative energy resistance 1, sense
surroundings 3, robust 1, screaming 2, weak 1, subdued magic 1, no regeneration
0: Orb of Zot
}: 3/15 runes: serpentine, barnacled, silver
a: Heal Wounds, Minor Destruction, Lesser Servant of Makhleb, Major Destruction,
Greater Servant of Makhleb, Renounce Religion, Evoke Invisibility


You escaped.
You worshipped Makhleb.
Makhleb was exalted by your worship.
You were not hungry.

You visited 12 branches of the dungeon, and saw 53 of its levels.
You visited the Abyss 1 time.
You also visited: Trove, Ossuary, Gauntlet and Ice Cave.

You collected 7514 gold pieces.
You spent 686 gold pieces at shops.

Inventory:

Hand Weapons
 a - a +9 broad axe of electrocution (weapon)
 b - a +8 fustibalus of freezing
Missiles
 g - 447 sling bullets
 z - 9 throwing nets
 T - 10 curare-tipped darts (quivered)
Armour
 c - the +2 helmet "Teofofisim" (worn) {+Inv rC+ Int+4}
   (You bought it in a shop on level 2 of the Shoals)

   It affects your intelligence (+4).
   It protects you from cold.
   It lets you turn invisible.
 j - a +8 large shield (worn)
 x - a +2 pair of boots (worn)
 A - the +9 storm dragon scales of Vesoet (worn) {rElec rC+ Int+7 Dex+9}
   (You took it off a minotaur in a Gauntlet)

   It affects your intelligence (+7).
   It affects your dexterity (+9).
   It protects you from cold.
   It insulates you from electricity.
 J - a +2 cloak (worn)
 Y - the +3 pair of gauntlets of War (worn) {Slay+5}
   (You found it on level 5 of the Vaults)

   It affects your accuracy and damage with ranged weapons and melee attacks
   (+5).
Jewellery
 d - an uncursed amulet of harm {unknown}
 f - an uncursed ring of protection from cold
 i - the ring of Pragmatism (right hand) {rF+ Dex+4 SInv}
   (You took it off a centaur on level 2 of the Depths)

   [ring of see invisible]

   It affects your dexterity (+4).
   It protects you from fire.
   It lets you see invisible.
 m - an uncursed ring of protection from magic
 o - an uncursed ring of poison resistance
 E - the brooch of Shielding (around neck) {Reflect SH+8}
   (You found it on level 4 of the Dungeon)

   [amulet of reflection]

   It shields you and reflects attacks.
   It affects your SH (+8).
 F - a +5 ring of protection
 L - a ring of protection from fire (left hand)
 N - an uncursed ring of resist corrosion
Wands
 k - a wand of disintegration (12)
 u - a wand of digging (27)
 B - a wand of acid (57)
 P - a wand of iceblast (27)
 S - a wand of clouds (6)
 V - a wand of paralysis (60)
Scrolls
 h - 3 scrolls of remove curse
 n - 34 scrolls of teleportation
 p - 6 scrolls of fog
 q - 8 scrolls of fear
 r - 4 scrolls of enchant armour
 t - 4 scrolls of silence
 v - 9 scrolls of blinking
 w - a scroll of brand weapon
 H - 9 scrolls of magic mapping
 K - 15 scrolls of identify
Potions
 l - 15 potions of flight
 s - 4 potions of mutation
 C - 5 potions of haste
 G - a potion of might
 I - a potion of resistance
 O - 6 potions of curing
 Q - 3 potions of cancellation
 R - 4 potions of invisibility
 U - 2 potions of berserk rage
 W - 18 potions of heal wounds
 X - 13 potions of agility
Miscellaneous
 M - the horn of Geryon (inert)
 Z - 6 boxes of beasts
Comestibles
 e - 77 rations


   Skills:
 + Level 21.5 Fighting
 - Level 18.0 Axes
 - Level 14.0 Slings
 + Level 24.6 Armour
 + Level 21.0 Dodging
 - Level 25.0 Shields
 + Level 12.9 Spellcasting
 + Level 24.1 Invocations
 - Level 6.0 Evocations


You had 51 spell levels left.
You didn't know any spells.
Your spell library contained the following spells:

 Spells                   Type           Power        Failure   Level  Hunger
 Animate Skeleton         Necr           N/A          10%         1    None
 Apportation              Tloc           #.....       10%         1    None
 Confusing Touch          Hex            #.....       10%         1    None
 Corona                   Hex            #......      10%         1    None
 Flame Tongue             Conj/Fire      #....        10%         1    None
 Freeze                   Ice            #...         10%         1    None
 Infusion                 Chrm           #...         10%         1    None
 Magic Dart               Conj           #...         10%         1    None
 Sandblast                Erth           #.....       10%         1    None
 Shock                    Conj/Air       #...         10%         1    None
 Sting                    Conj/Pois      #...         10%         1    None
 Summon Butterflies       Summ           #.......     10%         1    None
 Summon Small Mammal      Summ           #...         10%         1    None
 Blink                    Tloc           N/A          16%         2    None
 Call Imp                 Summ           #.......     16%         2    None
 Corpse Rot               Necr           N/A          16%         2    None
 Ensorcelled Hibernation  Hex/Ice        #.....       16%         2    None
 Passwall                 Tmut/Erth      #.......     16%         2    None
 Poisonous Vapours        Pois/Air       #.....       16%         2    None
 Searing Ray              Conj           #.....       16%         2    None
 Shroud of Golubria       Chrm/Tloc      #.....       16%         2    None
 Slow                     Hex            #.......     16%         2    None
 Song of Slaying          Chrm           #.......     16%         2    None
 Sublimation of Blood     Necr           #.........   16%         2    None
 Swiftness                Chrm/Air       #.......     16%         2    None
 Throw Flame              Conj/Fire      #.....       16%         2    None
 Throw Frost              Conj/Ice       #.....       16%         2    None
 Call Canine Familiar     Summ           #.......     32%         3    None
 Confuse                  Hex            #.......     32%         3    None
 Conjure Flame            Conj/Fire      #.......     32%         3    None
 Dazzling Spray           Conj/Hex       #.....       32%         3    None
 Gell's Gravitas          Tloc           #.........   32%         3    None
 Ignite Poison            Fire/Tmut/Pois #.......     32%         3    None
 Inner Flame              Hex/Fire       #.......     32%         3    None
 Mephitic Cloud           Conj/Pois/Air  #.......     32%         3    None
 Ozocubu's Armour         Chrm/Ice       #.......     32%         3    None
 Portal Projectile        Hex/Tloc       #.....       32%         3    None
 Spectral Weapon          Hex/Chrm       #.......     32%         3    None
 Static Discharge         Conj/Air       #.......     32%         3    None
 Stone Arrow              Conj/Erth      #.....       32%         3    None
 Summon Guardian Golem    Hex/Summ       #.......     32%         3    None
 Tukima's Dance           Hex            #.......     32%         3    None
 Airstrike                Air            #.........   73%         4    None
 Cause Fear               Hex            #.........   73%         4    None
 Force Lance              Conj/Tloc      #.......     73%         4    None
 Fulminant Prism          Conj/Hex       #.........   73%         4    None
 Ice Form                 Ice/Tmut       #.......     73%         4    None
 Iskenderun's Mystic Bla  Conj           #.......     73%         4    None
 Leda's Liquefaction      Hex/Erth       #.........   73%         4    None
 Olgreb's Toxic Radiance  Pois           #.......     73%         4    None
 Petrify                  Tmut/Erth      #.......     73%         4    None
 Sticky Flame             Conj/Fire      #.......     73%         4    None
 Summon Ice Beast         Ice/Summ       #.......     73%         4    None
 Summon Lightning Spire   Summ/Air       #.......     73%         4    None
 Throw Icicle             Conj/Ice       #.......     73%         4    None
 Agony                    Necr           #.......     97%         5    ####...
 Bolt of Magma            Conj/Fire/Erth #.........   97%         5    ####...
 Dispel Undead            Necr           #.......     97%         5    ####...
 Irradiate                Conj/Tmut      #.........   97%         5    ####...
 Lee's Rapid Deconstruct  Erth           #.........   97%         5    ####...
 Lightning Bolt           Conj/Air       #.........   97%         5    ####...
 Metabolic Englaciation   Hex/Ice        #.........   97%         5    ####...
 Silence                  Hex/Air        #.........   97%         5    ####...
 Summon Forest            Summ/Tloc      #.........   97%         5    ####...
 Summon Mana Viper        Hex/Summ       #.......     97%         5    ####...
 Venom Bolt               Conj/Pois      #.........   97%         5    ####...
 Yara's Violent Unravell  Hex/Tmut       #.........   97%         5    ####...
 Bolt of Cold             Conj/Ice       #.........   100%        6    #####..
 Bolt of Fire             Conj/Fire      #.........   100%        6    #####..
 Conjure Ball Lightning   Conj/Air       #.........   100%        6    #####..
 Darkness                 Hex            #.........   100%        6    #####..
 Death Channel            Necr           #.........   100%        6    #####..
 Deflect Missiles         Chrm/Air       #.........   100%        6    #####..
 Dispersal                Tloc           #.........   100%        6    #####..
 Freezing Cloud           Conj/Ice/Air   #.........   100%        6    #####..
 Hydra Form               Tmut           #.........   100%        6    #####..
 Invisibility             Hex            #.......     100%        6    #####..
 Iron Shot                Conj/Erth      #.........   100%        6    #####..
 Ozocubu's Refrigeration  Ice            #.........   100%        6    #####..
 Simulacrum               Ice/Necr       #.........   100%        6    #####..
 Statue Form              Tmut/Erth      #........    100%        6    #####..
 Dragon Form              Tmut           #.........   100%        7    #######
 Ring of Flames           Chrm/Fire      #.........   100%        7    #######
 Summon Hydra             Summ           #.........   100%        7    #######
 Controlled Blink         Tloc           N/A          100%        8    #######
 Discord                  Hex            #.........   100%        8    #######
 Disjunction              Tloc           #.........   100%        8    #######
 Ignition                 Fire           #.........   100%        8    #######
 Dragon's Call            Summ           #.........   100%        9    #######
 Shatter                  Erth           #.........   100%        9    #######
 Tornado                  Air            #.........   100%        9    #######
 Regeneration             Chrm/Necr      Unusable     N/A         3    N/A
 Passage of Golubria      Tloc           Unusable     N/A         4    N/A

Dungeon Overview and Level Annotations

Branches:
Dungeon (15/15)            Temple (1/1) D:7            Lair (6/6) D:9
 Shoals (4/4) Lair:2        Snake (4/4) Lair:2        Slime (0/5) Lair:5
    Orc (2/2) D:12            Elf (3/3) Orc:2        Vaults (5/5) D:14
  Crypt (0/3) Vaults:3     Depths (5/5) D:15           Hell (visited)
    Dis (0/7) Hell            Geh (0/7) Hell            Coc (0/7) Hell
    Tar (2/7) Hell            Zot (5/5) Depths:5    Ossuary (visited)
  IceCv (visited)         Gauntlet (visited)

Altars:
Ashenzari
Cheibriados
Dithmenos
Elyvilon
Fedhas
Gozag
Hepliaklqana
Kikubaaqudgha
Makhleb
Nemelex Xobeh
Okawaru
Qazlal
Ru
Sif Muna
Trog
Uskayaw
Vehumet
Wu Jian
Xom
Yredelemnul
Zin
The Shining One

Shops:
D:8 !   Orc:2 !}?(}   Elf:3 =}=   Shoals:2 [   Snake:4 :%?   Vaults:2 *

Portals:
Hell: Depths:1 Depths:2 Depths:3 Depths:4 Depths:5
Abyss: Depths:4 Depths:5
Pandemonium: Orc:2 Depths:1 Depths:3
Ziggurat: Depths:1

Annotations:
D:11 exclusion: oklob plant
D:13 2 runed translucent doors
Shoals:4 Roxanne
Elf:2 8 runed translucent doors, havocjr3's ghost, adept GnGl


Innate Abilities, Weirdness & Mutations

You are resistant to damage.
You can heal yourself by infusing magical energy.
You resist negative energy. (rN+)
You passively map a large area around you.
You do not regenerate.
You have very sharp teeth.
You are agile. (Dex +2)
You have an uncontrollable temper.
Scrolls take you longer to read.
Armour fits poorly on your strangely shaped body.
You are dopey. (Int -2)
Your magical capacity is very low. (-20% MP)
You are robust. (+10% HP)
You sometimes yell uncontrollably at your foes.
You are weak. (Str -2)
Your spells are a little easier to cast, but a little less powerful.


Message History

You see here 18 arrows.
There is a stone staircase leading up here.
You climb upwards.
There is a stone staircase leading down here.
There is a stone staircase leading down here.
There is a large open door here.
There is a staircase leading out of the dungeon here.
You feel much better.
You feel much better.
Your magical essence is drained by the effort!
You feel much better.
You begin reading the scroll.
You continue reading the scroll.
As you read the scroll of summoning, it crumbles to dust.
Wisps of shadow whirl around you...
You begin reading the scroll.
You continue reading the scroll.
As you read the scroll of summoning, it crumbles to dust.
Wisps of shadow whirl around you...
Evoke which item? (* to show all) (? for menu, Esc to quit)
You produce a hideous howling noise!
You have escaped!

##########
#8§.b@Kg8#
#§§..sr.≈#
#≈..2gb.§#
#≈......≈#
#§..88..≈#
##
#≈......≈#
.#
#≈......≈#
.#
#§......≈#
.#
#8......8#


You could see a friendly hell beast, a friendly giant cockroach, 2 friendly
hobgoblins, 2 friendly bats, a friendly kobold and a friendly rat.

Vanquished Creatures
  4 orbs of fire
  2 ancient liches (Zot:5)
  The ghost of Muataran the Slayer, a veteran MiMo of Yredelemnul (Zot:1)
  2 juggernauts
  Sojobo (Vaults:3)
  Frederick (Depths:4)
  Boris (Depths:4)
  Bai Suzhen (Shoals:3)
  8 Killer Klowns
  Geryon (Hell)
  4 curse toes
  3 caustic shrikes (Depths:5)
  13 golden dragons
  A pearl dragon (Depths:2)
  9 bone dragons
  2 doom hounds (Tar:2)
  12 Tzitzimimeh
  A hellephant (Zot:2)
  5 electric golems
  Jorgrun (Snake:3)
  A Hell Sentinel (Depths:1)
  2 Brimstone Fiends
  17 tentacled monstrosities
  Rupert (Lair:5)
  A deep elf master archer (Elf:3)
  27 Orb Guardians
  7 quicksilver dragons
  5 liches
  5 titans
  2 deep elf blademasters (Elf:3)
  4 krakens (Shoals:2)
  3 eldritch tentacles
  3 tentacled starspawn (Abyss:5)
  16 storm dragons
  Agnes (Elf:1)
  An ancient champion (Hell)
  8 death cobs
  14 shadow dragons
  4 sphinxes
  Kirke (D:15)
  8 tengu reavers
  13 draconian monks
  9 nagarajas
  18 vault wardens
  7 fire giants
  12 frost giants
  3 iron dragons
  5 deep elf sorcerers
  4 draconian knights (Zot:4)
  An orc warlord (Orc:2)
  2 draconian scorchers
  7 draconian shifters
  2 cacodemons
  3 ghost moths
  3 balrugs
  5 draconian stormcallers
  A ghoul (Vaults:2)
  2 deep elf elementalists (Elf:3)
  11 draconian annihilators
  An angel (Abyss:5)
  A curse skull (Vaults:3)
  Aizul (Depths:1)
  22 stone giants
  An entropy weaver (Vaults:3)
  5 spriggan defenders
  17 reapers
  2 ophanim (Abyss:5)
  22 very ugly things
  4 vampire knights
  2 war gargoyles
  22 black draconians
  13 ironheart preservers
  3 dire elephants (Zot:2)
  11 deep elf annihilators
  10 deep elf demonologists
  11 green draconians
  12 purple draconians
  14 white draconians
  A lorocyproca (Hell)
  12 red draconians
  15 spark wasps
  8 yellow draconians
  A minotaur (Gauntlet)
  9 deep elf death magi
  10 ettins
  5 merfolk javelineers
  A green death (Gauntlet)
  2 blizzard demons
  2 jiangshi (Tar:1)
  11 fire dragons
  A quicksilver dragon zombie (Tar:2)
  9 merfolk impalers
  5 great orbs of eyes
  23 yaktaur captains
  10 deep elf high priests
  31 vault guards
  Erolcha (D:10)
  A monstrous demonspawn (Depths:1)
  Harold (D:7)
  8 hydras
  3 rakshasas
  9 ice dragons
  A merfolk avatar (Shoals:4)
  8 spriggan air magi
  2 catoblepae
  18 naga warriors
  A ghost crab (Tar:2)
  12 centaur warriors
  53 two-headed ogres
  10 merfolk aquamancers
  10 anacondas
  14 dancing weapons
  19 ogre magi
  3 alligator snapping turtles
  2 death knights
  11 deep troll earth magi
  4 death yaks
  3 hell hogs (Depths:4)
  19 tengu warriors
  14 spriggan berserkers
  4 vampire magi
  10 naga sharpshooters
  9 deep troll shamans
  Nergalle (Lair:2)
  9 shock serpents
  3 thrashing horrors (Abyss:5)
  Sonja (Lair:3)
  11 soul eaters
  5 orc high priests (Orc:2)
  3 storm dragon zombies
  11 sun demons
  2 titan zombies (Tar:2)
  17 deep elf knights
  A titan skeleton (Tar:2)
  A spark wasp zombie (Depths:2)
  A golden dragon zombie (Depths:2)
  4 iron trolls
  2 shadow wraiths
  50 skeletal warriors
  3 sixfirhies
  3 wretched stars (Abyss:5)
  An unseen horror (shapeshifter) (Depths:1)
  A spatial maelstrom (Abyss:5)
  11 hell knights (Tar:2)
  2 quicksilver dragon simulacra (Depths:3)
  A death drake (shapeshifter) (Depths:3)
  An anaconda zombie (Hell)
  2 infernal demonspawn (Orc:2)
  2 cherubim (Abyss:5)
  A death drake (Tar:1)
  A torturous demonspawn (Orc:2)
  4 shadow demons (Tar:2)
  30 deep trolls
  6 flayed ghosts
  11 sea snakes
  An obsidian statue (Zot:5)
  A gelid demonspawn (Orc:2)
  3 salamander mystics
  An unseen horror (D:10)
  10 naga ritualists
  5 glowing orange brains
  14 ironbrand convokers
  18 phantasmal warriors
  29 orc knights
  2 wizards (D:15)
  14 deep elf archers
  2 harpies (shapeshifter)
  19 harpies
  54 deep elf magi
  A lindwurm (Lair:6)
  5 anaconda skeletons
  12 mana vipers
  61 ugly things
  17 orc sorcerers
  2 shadow dragon skeletons (Tar:2)
  4 wolf spiders
  8 necromancers
  2 cyclopes
  6 fauns (Shoals:2)
  A frost giant zombie (Tar:2)
  A cyclops (shapeshifter) (Vaults:3)
  22 manticores
  4 salamanders
  10 elephants
  A salamander (shapeshifter) (Depths:3)
  An iron dragon skeleton (Hell)
  A manticore (shapeshifter) (Vaults:1)
  A stone giant skeleton (Tar:1)
  10 merfolk sirens
  Maurice (D:10)
  4 fire giant skeletons
  17 naga magi
  A frost giant skeleton (Hell)
  30 moths of wrath
  8 water nymphs
  5 ice statues
  Psyche (D:10)
  9 guardian serpents
  10 rust devils
  6 smoke demons
  41 black mambas
  20 vault sentinels
  A torpor snail (shapeshifter) (Depths:2)
  4 orange demons
  2 hellions (Hell)
  4 gargoyles
  2 spiny frogs (shapeshifter)
  11 spiny frogs
  10 ice devils
  7 rime drakes
  12 freezing wraiths
  5 komodo dragons
  43 yaktaurs
  8 tormentors
  A hellwing (Orc:2)
  2 efreet
  2 demonic crawlers (Hell)
  5 tengu conjurers
  29 merfolk
  8 trolls
  10 red devils
  A harpy zombie (D:15)
  3 meliai (Lair:4)
  A queen bee (Lair:4)
  A sphinx simulacrum (Depths:2)
  6 wind drakes
  10 hornets
  9 polar bears (Lair:6)
  2 hydra skeletons (Tar:1)
  2 harpy skeletons
  9 raiju
  26 blink frogs
  43 slime creatures
  3 alligator zombies
  3 dream sheep
  3 ettin zombies
  Grinder (D:4)
  10 snapping turtles
  A frost giant simulacrum (Vaults:3)
  20 hippogriffs
  3 centaur simulacra
  3 fire dragon zombies
  A redback (Vaults:3)
  8 spriggans
  8 starcursed masses (Abyss:5)
  2 alligator skeletons
  6 air elementals
  33 flying skulls
  2 ynoxinuls
  3 ice dragon skeletons (Tar:2)
  A tarantella (shapeshifter) (Vaults:5)
  22 water elementals
  11 shadows
  5 hogs (D:15)
  6 basilisks
  9 humans (Zot:2)
  57 yaks
  A spriggan (shapeshifter) (Depths:2)
  2 ettin skeletons
  A fire bat (shapeshifter) (Vaults:4)
  Grum (D:11)
  6 wraiths
  12 fire elementals
  9 wyverns
  A fire dragon skeleton (Tar:2)
  A vampire (D:15)
  A yak (shapeshifter) (Depths:2)
  3 hungry ghosts
  8 vampire mosquitoes
  4 chaos spawn
  A neqoxec (Abyss:5)
  Menkaure (D:7)
  An acid dragon (D:12)
  58 nagas
  A spatial vortex (Abyss:5)
  11 wargs
  A spiny frog zombie (Tar:1)
  A soldier ant (D:12)
  48 hell hounds
  9 water moccasins
  2 hydra simulacra (Hell)
  A water moccasin (shapeshifter) (Vaults:1)
  6 porcupines
  A floating eye (Depths:2)
  55 orc warriors
  14 large abominations
  13 black bears
  2 sky beasts
  An eye of draining (D:11)
  3 ice beasts
  A spiny frog skeleton (Hell)
  45 ogres
  5 phantoms
  6 boggarts (Vaults:1)
  12 necrophages
  4 ettin simulacra (Depths:3)
  A manticore skeleton (Tar:2)
  33 wolves
  28 centaurs
  2 snapping turtle skeletons
  A snapping turtle zombie (Tar:1)
  9 crocodiles
  6 earth elementals
  2 big kobolds
  9 bullfrogs
  An elf simulacrum (Vaults:1)
  A spiny frog simulacrum (Gauntlet)
  2 human skeletons (Vaults:3)
  A wyvern zombie (D:10)
  6 scorpions
  2 wyvern skeletons (D:7)
  38 killer bees
  25 wights
  4 electric eels (D:9)
  2 howler monkeys
  A lava snake (D:14)
  9 centaur zombies
  8 crimson imps
  A quasit (D:11)
  6 centaur skeletons
  A draconian simulacrum (IceCv)
  12 hounds
  4 jellies
  29 orc priests
  A bullfrog skeleton (D:7)
  32 orc wizards
  A yaktaur simulacrum (Vaults:1)
  3 human zombies
  2 iron imps
  4 iguanas
  Ijyb (D:5)
  Natasha (thrice) (D:3)
  A hell rat (Lair:4)
  10 worker ants
  A worker ant (shapeshifter) (Depths:2)
  5 lightning spires (Zot:4)
  3 troll simulacra (IceCv)
  12 small abominations
  A killer bee zombie (D:10)
  A bullfrog simulacrum (Gauntlet)
  A hound zombie (D:6)
  2 mummies (Ossuary)
  A howler monkey zombie (D:5)
  Robin (D:3)
  A gnoll (shapeshifter) (Vaults:3)
  4 gnolls (D:6)
  4 naga simulacra (IceCv)
  9 adders
  An ogre simulacrum (IceCv)
  3 river rats (Lair:4)
  11 shadow imps
  2 oozes (shapeshifter)
  2 oozes
  2 adder zombies (Ossuary)
  2 worms (D:2)
  2 dart slugs (D:2)
  3 leopard geckos
  112 orcs
  A ball python (D:1)
  11 bats
  7 giant cockroaches
  15 goblins
  12 hobgoblins
  4 quokkas
  6 frilled lizards
  A goblin zombie (Ossuary)
  8 hobgoblin zombies (Ossuary)
  A jackal zombie (Ossuary)
  17 kobolds
  9 kobold zombies (Ossuary)
  A leopard gecko skeleton (D:4)
  A leopard gecko zombie (D:6)
  An orc skeleton (Tar:2)
  10 orc zombies (Ossuary)
  2 quokka skeletons
  19 rats
  A rat zombie (Ossuary)
  4 crawling corpses
  5 fungi
  7 plants
  7 starspawn tentacles (Abyss:5)
  10 tentacles (Shoals:2)
3091 creatures vanquished.

Vanquished Creatures (collateral kills)
  A golden dragon (Vaults:5)
  3 large abominations (Vaults:5)
  An ancient champion (Hell)
  A shadow dragon (Vaults:5)
  Louise (Shoals:2)
  A deep elf high priest (Vaults:5)
  2 deep troll earth magi (Depths:3)
  A deep elf knight (Vaults:5)
  A slime creature (D:15)
  A glowing orange brain (Depths:3)
  A deep troll (Depths:3)
  An ironbrand convoker (Vaults:5)
  2 harpies (Shoals:2)
  A cyclops (Shoals:2)
  A centaur skeleton (D:15)
  A yaktaur (Vaults:5)
  A wind drake (Shoals:2)
  3 dream sheep (Shoals:2)
  A swamp worm (shapeshifter) (Vaults:5)
  A hell hound (Hell)
  A crawling corpse (Vaults:5)
27 creatures vanquished.

Vanquished Creatures (others)
  Vashnia (Snake:4)
  Asterion (Vaults:2)
  A deep elf master archer (Elf:3)
  2 shadow dragons (Vaults:5)
  A draconian knight (Zot:4)
  A fire giant (Vaults:4)
  2 draconian shifters (Zot:4)
  3 stone giants
  2 yaktaur captains
  A vault guard (D:14)
  3 centaur warriors
  A satyr (Shoals:3)
  A dancing weapon (Elf:1)
  A naga sharpshooter (Snake:1)
  A deep elf knight (Elf:1)
  A hell knight (Tar:2)
  A sea snake (Shoals:4)
  A shadow demon (Tar:2)
  6 deep elf archers
  5 deep elf magi
  A manticore (Shoals:1)
  4 fauns
  2 cyclopes
  A moth of wrath (Zot:5)
  A water nymph (Shoals:4)
  16 yaktaurs
  A tormentor (Tar:2)
  A tengu conjurer (Depths:3)
  A hornet (Vaults:5)
  A raiju (Zot:4)
  An air elemental (D:13)
  2 humans
  A fire elemental (Elf:1)
  3 water elementals
  An orc warrior (Orc:2)
  10 centaurs
  5 ball lightnings (Zot:4)
  An orc (Vaults:1)
  A crawling corpse (Vaults:5)
  15 fungi
  41 plants
  A starspawn tentacle (Abyss:5)
  73 tentacles (Shoals:2)
  A withered plant (Shoals:3)
221 creatures vanquished.

Grand Total: 3339 creatures vanquished

Notes
Turn   | Place    | Note
-------+----------+-------------------------------------------
     0 | D:1      | Gumption the Deep Dwarf Fighter began the quest for the
                  | Orb.
     0 | D:1      | Reached XP level 1. HP: 20/20 MP: 1/1
   432 | D:1      | Reached XP level 2. HP: 25/27 MP: 2/2
   806 | D:2      | Reached XP level 3. HP: 31/33 MP: 3/3
  1128 | D:2      | Reached skill level 4 in Shields
  1660 | D:2      | Reached XP level 4. HP: 27/42 MP: 4/4
  1762 | D:3      | Noticed Robin
  1775 | D:3      | Killed Robin
  1777 | D:3      | Reached skill level 1 in Spellcasting
  1870 | D:3      | Reached XP level 5. HP: 30/49 MP: 6/6
  2162 | D:3      | Noticed Natasha
  2168 | D:3      | Killed Natasha
  2204 | D:3      | Noticed Natasha
  2208 | D:3      | Killed Natasha
  2274 | D:3      | Found a sparkling altar of Nemelex Xobeh.
  2327 | D:3      | Noticed Natasha
  2333 | D:3      | Killed Natasha
  2513 | D:4      | Found a bloodstained altar of Trog.
  2616 | D:4      | Reached XP level 6. HP: 52/56 MP: 6/8
  2645 | D:4      | Reached skill level 5 in Shields
  2799 | D:4      | Found the brooch of Shielding {Reflect SH+8}
  3205 | D:4      | Noticed Grinder
  3207 | D:4      | Paralysed by Grinder for 6 turns
  3222 | D:4      | Killed Grinder
  3222 | D:4      | Reached skill level 5 in Axes
  3222 | D:4      | Reached XP level 7. HP: 46/63 MP: 8/10
  3462 | D:5      | Entered Level 5 of the Dungeon
  3462 | D:5      | Found a burning altar of Makhleb.
  3465 | D:5      | Became a worshipper of Makhleb the Destroyer
  3539 | D:5      | Reached skill level 6 in Shields
  3624 | D:5      | Found a sand-covered staircase.
  3634 | Ossuary  | Entered an ossuary
  3732 | Ossuary  | Reached * piety under Makhleb
  3842 | Ossuary  | Reached XP level 8. HP: 37/72 MP: 11/11
  3993 | D:5      | Reached skill level 5 in Armour
  4010 | D:5      | Found a glowing silver altar of Zin.
  4056 | D:5      | Noticed Ijyb
  4065 | D:5      | Killed Ijyb
  4091 | D:5      | Reached ** piety under Makhleb
  4467 | D:6      | You fall into a shaft and drop 1 floor!
  4563 | D:7      | Reached skill level 7 in Shields
  4679 | D:7      | Noticed Harold
  4700 | D:7      | Killed Harold
  4700 | D:7      | Reached skill level 5 in Fighting
  4700 | D:7      | Gained mutation: You passively map the area around you.
                  | [Deep Dwarf growth]
  4700 | D:7      | Reached XP level 9. HP: 51/81 MP: 12/14
  4745 | D:6      | Reached skill level 8 in Shields
  5297 | D:6      | Found a glowing golden altar of the Shining One.
  5575 | D:7      | Found a snail-covered altar of Cheibriados.
  5763 | D:7      | Found a staircase to the Ecumenical Temple.
  5772 | Temple   | Entered the Ecumenical Temple
  5974 | D:7      | Noticed Menkaure
  5977 | D:7      | Killed Menkaure
  6040 | D:8      | Reached skill level 9 in Shields
  6096 | D:8      | Reached skill level 1 in Invocations
  6099 | D:8      | Reached *** piety under Makhleb
  6164 | D:8      | Found a shimmering altar of Xom.
  6238 | D:8      | Reached XP level 10. HP: 91/91 MP: 16/16
  6465 | D:8      | Found an iron altar of Okawaru.
  6484 | D:8      | Found Buron's Distillery.
  6682 | D:8      | Found a shimmering blue altar of Sif Muna.
  7147 | D:9      | Noticed a two-headed ogre
  7610 | D:9      | Killed a two-headed ogre
  7610 | D:9      | Reached skill level 10 in Shields
  7624 | D:9      | Found a staircase to the Lair.
  7723 | D:9      | Reached **** piety under Makhleb
  7866 | D:10     | Entered Level 10 of the Dungeon
  7915 | D:10     | Noticed Erolcha
  7926 | D:10     | Paralysed by Erolcha for 4 turns
  7937 | D:10     | Killed Erolcha
  7937 | D:10     | Reached skill level 10 in Axes
  7937 | D:10     | Reached skill level 5 in Spellcasting
  8032 | D:10     | Noticed Maurice
  8079 | D:10     | Killed Maurice
  8079 | D:10     | Reached XP level 11. HP: 48/99 MP: 18/18
  8376 | D:10     | Killed an unseen horror
  8579 | D:10     | Noticed Psyche
  8585 | D:10     | Killed Psyche
  8964 | Lair:1   | Entered Level 1 of the Lair of Beasts
  8987 | D:9      | Reached skill level 5 in Invocations
  9059 | Lair:1   | Reached skill level 11 in Shields
 10018 | Lair:2   | Noticed Nergalle
 10028 | Lair:2   | Noticed a six-headed hydra
 10029 | Lair:2   | Killed Nergalle
 10033 | Lair:2   | Killed a six-headed hydra
 10143 | Lair:2   | Found a staircase to the Snake Pit.
 10188 | Lair:2   | Found a staircase to the Shoals.
 10678 | Lair:3   | Reached skill level 1 in Evocations
 10790 | Lair:3   | Noticed Sonja
 11038 | Lair:3   | Killed Sonja
 11038 | Lair:3   | Reached skill level 1 in Slings
 11038 | Lair:3   | Reached XP level 12. HP: 56/109 MP: 19/19
 11311 | Lair:3   | Noticed a four-headed hydra
 11315 | Lair:3   | Killed a four-headed hydra
 11865 | Lair:4   | Reached ***** piety under Makhleb
 12062 | Lair:4   | Reached skill level 12 in Shields
 12607 | Lair:4   | Identified the +4 scale mail "Widaps" {rPois rF++ MR-}
 12620 | Lair:4   | Noticed a seven-headed hydra
 12622 | Lair:4   | Noticed a death yak
 12634 | Lair:4   | Killed a seven-headed hydra
 12689 | Lair:4   | Noticed a six-headed hydra
 12692 | Lair:4   | Killed a six-headed hydra
 12856 | Lair:4   | Reached XP level 13. HP: 90/117 MP: 20/20
 13006 | Lair:4   | Reached skill level 5 in Evocations
 13431 | Lair:4   | Reached ****** piety under Makhleb
 14230 | Lair:5   | Noticed Rupert
 14235 | Lair:5   | Paralysed by Rupert for 2 turns
 14256 | Lair:5   | Killed Rupert
 14256 | Lair:5   | Reached skill level 13 in Shields
 14313 | Lair:5   | Found a staircase to the Slime Pits.
 15226 | Lair:6   | Entered Level 6 of the Lair of Beasts
 15434 | Lair:6   | Reached skill level 10 in Armour
 15501 | Lair:6   | Reached skill level 5 in Slings
 16207 | Lair:6   | Gained mutation: You resist negative energy. (rN+) [Deep
                  | Dwarf growth]
 16207 | Lair:6   | Reached XP level 14. HP: 127/127 MP: 21/21
 16603 | Lair:6   | Reached skill level 14 in Shields
 17962 | D:11     | Found a gate leading to a gauntlet.
 17963 | D:11     | Got a smoking ring mail
 18012 | Gauntlet | Entered a Gauntlet
 18012 | Gauntlet | Found a transporter.
 18012 | Gauntlet | Found a transporter.
 18012 | Gauntlet | Found a transporter.
 18013 | Gauntlet | Found a transporter.
 18016 | Gauntlet | Found a transporter.
 18016 | Gauntlet | Found a transporter.
 18018 | Gauntlet | Found a large runed translucent door.
 18019 | Gauntlet | Found a large runed translucent door.
 18020 | Gauntlet | Found a large runed translucent door.
 18020 | Gauntlet | Found a large runed translucent door.
 18020 | Gauntlet | Found a runed translucent door.
 18021 | Gauntlet | Found a large runed translucent door.
 18022 | Gauntlet | Found a large runed translucent door.
 18023 | Gauntlet | Found a large runed translucent door.
 18023 | Gauntlet | Found a large runed translucent door.
 18024 | Gauntlet | Found a runed translucent gate.
 18026 | Gauntlet | Found a transporter.
 18030 | Gauntlet | Found a transporter.
 18045 | Gauntlet | Found a transporter.
 18046 | Gauntlet | Found a transporter.
 18064 | Gauntlet | Found a transporter.
 18068 | Gauntlet | Found a transporter.
 18070 | Gauntlet | Found a runed translucent gate.
 18070 | Gauntlet | Found a runed translucent gate.
 18071 | Gauntlet | Found a large runed translucent door.
 18071 | Gauntlet | Found a large runed translucent door.
 18072 | Gauntlet | Found a large runed translucent door.
 18073 | Gauntlet | Found a large runed translucent door.
 18074 | Gauntlet | Found a large runed translucent door.
 18074 | Gauntlet | Found a large runed translucent door.
 18074 | Gauntlet | Found a runed translucent door.
 18075 | Gauntlet | Found a large runed translucent door.
 18076 | Gauntlet | Found a large runed translucent door.
 18738 | Gauntlet | Identified the +9 storm dragon scales of Vesoet {rElec rC+
                  | Int+7 Dex+9}
 18797 | Gauntlet | Identified Umies's Incunabulum of the Assorted Lies
 19056 | D:11     | Found a blossoming altar of Fedhas.
 19208 | D:11     | Found a shattered altar of Ashenzari.
 19236 | D:11     | Noticed Grum
 19263 | D:11     | Killed Grum
 19337 | D:11     | Identified the +1 ring mail of Bonkuhae {rC+ MR- Regen+
                  | Dex+9} (You found it on level 11 of the Dungeon)
 19427 | D:11     | Upgraded the game from 0.24.0-35-gdb84b6a5db to
                  | 0.24.0-37-gcf1ca852f1
 19864 | D:12     | Found a portal to a secret trove of treasure.
 19972 | D:8      | Bought 2 potions of curing for 72 gold pieces
 20089 | D:12     | Found an opulent altar of Gozag.
 20198 | D:12     | Found a staircase to the Orcish Mines.
 20525 | D:12     | Reached skill level 5 in Dodging
 20525 | D:12     | Reached XP level 15. HP: 136/136 MP: 22/22
 20600 | D:13     | Reached XP level 16. HP: 144/144 MP: 23/23
 20653 | D:13     | Found a frozen archway.
 20680 | IceCv    | Entered an ice cave
 21158 | D:13     | Reached skill level 10 in Invocations
 21203 | D:13     | Found a large runed translucent door.
 21203 | D:13     | Found a large runed translucent door.
 21270 | D:13     | Found an ornate altar of the Wu Jian Council.
 21460 | D:13     | Reached skill level 15 in Shields
 21845 | D:14     | Found an ancient bone altar of Kikubaaqudgha.
 22093 | D:14     | Reached skill level 15 in Axes
 22366 | D:14     | Found a gate to the Vaults.
 22583 | D:15     | Entered Level 15 of the Dungeon
 22619 | D:15     | Noticed Kirke
 22635 | D:15     | Reached skill level 10 in Slings
 22654 | D:15     | Reached skill level 10 in Fighting
 22655 | D:15     | Killed Kirke
 22839 | D:15     | Found a staircase to the Depths.
 23162 | D:15     | Got an ichor-stained chain mail
 23164 | D:15     | Identified the +7 chain mail of Hedging {Slay+3} (You found
                  | it on level 15 of the Dungeon)
 23760 | Shoals:1 | Entered Level 1 of the Shoals
 24590 | Shoals:2 | Noticed a kraken
 24590 | Shoals:2 | Noticed a kraken
 24590 | Shoals:2 | Noticed a kraken
 24590 | Shoals:2 | Noticed a kraken
 24610 | Shoals:2 | Killed a kraken
 24618 | Shoals:2 | Killed a kraken
 24672 | Shoals:2 | Killed a kraken
 24672 | Shoals:2 | Reached XP level 17. HP: 87/153 MP: 25/25
 24692 | Shoals:2 | Killed a kraken
 25261 | Shoals:2 | Noticed Louise
 25271 | Shoals:2 | Killed Louise
 25301 | Shoals:2 | Found Myfit's Antique Armour Boutique.
 25310 | Shoals:2 | Bought a bloodstained helmet for 332 gold pieces
 25310 | Shoals:2 | Identified the +2 helmet "Teofofisim" {+Inv rC+ Int+4} (You
                  | bought it in a shop on level 2 of the Shoals)
 26290 | Shoals:3 | Noticed Bai Suzhen
 26341 | Shoals:3 | Killed Bai Suzhen
 26559 | Shoals:4 | Entered Level 4 of the Shoals
 26560 | Shoals:4 | Identified Roxanne's Compendium of Clay
 26560 | Shoals:4 | Noticed Roxanne
 27083 | Shoals:4 | Got a barnacled rune of Zot
 27140 | Shoals:4 | Got a pair of warped gloves
 27151 | Shoals:4 | Identified the +1 pair of gloves of Rupueh {*Contam rElec
                  | rC+} (You found it on level 4 of the Shoals)
 27511 | Shoals:4 | Identified the Incunabulum of Ignition
 27631 | Shoals:4 | Reached skill level 16 in Shields
 27648 | Shoals:4 | Gained mutation: You passively map a large area around you.
                  | [Deep Dwarf growth]
 27648 | Shoals:4 | Reached XP level 18. HP: 155/165 MP: 27/27
 28193 | Shoals:4 | Found an ornate altar of the Wu Jian Council.
 28447 | Orc:1    | Entered Level 1 of the Orcish Mines
 28712 | Orc:2    | Entered Level 2 of the Orcish Mines
 29120 | Orc:2    | Gained mutation: You have large cloven feet. [a neqoxec]
 29121 | Orc:2    | Gained mutation: Armour fits poorly on your strangely
                  | shaped body. [a neqoxec]
 29248 | Orc:2    | Found Ownog's Gadget Shop.
 29606 | Orc:2    | Found Ytotse's Magic Scroll Shop.
 29607 | Orc:2    | Found Rywewkuc's Distillery.
 29777 | Orc:2    | Bought a potion of curing for 30 gold pieces
 29898 | Orc:2    | Found a staircase to the Elven Halls.
 30136 | Orc:2    | Found Oqoq's Gadget Emporium.
 30136 | Orc:2    | Found Hytinon's Antique Weapon Shoppe.
 30136 | Orc:2    | Found a one-way gate leading to the halls of Pandemonium.
 30279 | Orc:2    | Bought a runed war axe for 195 gold pieces
 30449 | Vaults:1 | Entered Level 1 of the Vaults
 30695 | Vaults:1 | Reached skill level 10 in Dodging
 30842 | Vaults:1 | Reached skill level 17 in Shields
 31299 | Vaults:1 | Reached XP level 19. HP: 171/175 MP: 28/28
 32025 | Vaults:2 | Noticed Asterion
 32055 | Vaults:2 | Killed Asterion
 32346 | Vaults:2 | Reached skill level 18 in Shields
 32498 | Vaults:2 | Found Uzejopp's General Store.
 32506 | Vaults:2 | Bought a potion of curing for 57 gold pieces
 32766 | Vaults:2 | You fall into a shaft and drop 2 floors!
 33004 | Vaults:4 | Got a shimmering amethyst amulet
 33005 | Vaults:4 | Identified the amulet of Hyubiat {MR+ Regen+ Str+7 Int-2}
                  | (You found it on level 4 of the Vaults)
 33351 | Vaults:4 | Reached XP level 20. HP: 157/186 MP: 29/29
 33711 | Vaults:2 | Reached skill level 19 in Shields
 34060 | Vaults:3 | Noticed Sojobo
 34090 | Vaults:3 | Killed Sojobo
 34270 | Vaults:3 | Reached skill level 15 in Armour
 34419 | Vaults:3 | Found a staircase to the Crypt.
 35770 | Vaults:3 | Lost mutation: You have large cloven feet. [potion of
                  | mutation]
 35770 | Vaults:3 | Lost mutation: Armour fits poorly on your strangely shaped
                  | body. [potion of mutation]
 35770 | Vaults:3 | Gained mutation: Scrolls take you a little longer to read.
                  | [potion of mutation]
 35770 | Vaults:3 | Gained mutation: You are robust. (+10% HP) [potion of
                  | mutation]
 35770 | Vaults:3 | Gained mutation: You are agile. (Dex +2) [potion of
                  | mutation]
 36113 | Vaults:4 | Reached XP level 21. HP: 214/214 MP: 30/30
 36236 | Vaults:4 | Reached skill level 20 in Shields
 36688 | Elf:1    | Entered Level 1 of the Elven Halls
 36713 | Elf:1    | Found a radiant altar of Vehumet.
 37323 | Elf:1    | Noticed Agnes
 37331 | Elf:1    | Killed Agnes
 37983 | D:12     | You paid a toll of 17 potions of curing to enter a treasure
                  | trove
 37984 | Trove    | Entered a treasure trove
 37988 | Trove    | Found the +7 great mace "Firestarter" {inner flame, rF++}
 38226 | Elf:2    | Found a huge runed translucent gate.
 38226 | Elf:2    | Found a huge runed translucent gate.
 38227 | Elf:2    | Found a huge runed translucent gate.
 38228 | Elf:2    | Found a huge runed translucent gate.
 38237 | Elf:2    | Found a huge runed translucent gate.
 38432 | Elf:2    | Found a runed translucent gate.
 38432 | Elf:2    | Found a runed translucent gate.
 38432 | Elf:2    | Found a runed translucent gate.
 38432 | Elf:2    | Noticed havocjr3's ghost (adept GnGl)
 38575 | Elf:3    | Entered Level 3 of the Elven Halls
 39017 | Elf:3    | Found Puraibb's Jewellery Emporium.
 39017 | Elf:3    | Found Tedghab's Gadget Shop.
 39018 | Elf:3    | Found Roett's Jewellery Emporium.
 39020 | Elf:3    | Found the amulet of the Air {Inacc +Fly rElec EV+5 RMsl}
 39686 | Elf:3    | Reached skill level 21 in Shields
 39798 | Elf:3    | Gained mutation: Your magical capacity is low. (-10% MP) [a
                  | neqoxec]
 40014 | Elf:3    | Identified the Handbook of Feathery Clay
 40068 | Elf:3    | Identified the cursed +0 leather armour of the Wilderness
                  | {-Cast +Inv rElec SInv}
 40117 | Elf:3    | Identified the Reference Book on Sinister Stones
 40136 | Elf:3    | Found the +5 robe of Night {Dark MR+ SInv}
 40136 | Elf:3    | Identified Sif Muna's Disquisition on the Rocks
 40144 | Elf:3    | Identified Sif Muna's Disquisition on Enhancements
 40186 | Elf:3    | Identified the ring of the City {Fire Dex+7} (You found it
                  | on level 3 of the Elven Halls)
 40583 | Depths:1 | Entered Level 1 of the Depths
 40705 | Depths:1 | Noticed Aizul
 40724 | Depths:1 | Killed Aizul
 40754 | Depths:1 | Reached XP level 22. HP: 212/227 MP: 20/20
 40806 | Depths:1 | Found a gateway to a ziggurat.
 40812 | Depths:1 | Found a shimmering altar of Xom.
 41015 | Depths:1 | Found a gateway to Hell.
 41260 | Depths:1 | Gained mutation: You tend to lose your temper in combat. [a
                  | cacodemon]
 42238 | Depths:2 | Reached skill level 22 in Shields
 42262 | Depths:2 | Paralysed by a floating eye for 4 turns
 42350 | Depths:2 | Noticed a golden dragon
 42365 | Depths:2 | Killed a golden dragon
 42381 | Depths:2 | Identified the ring of Pragmatism {rF+ Dex+4 SInv}
 42499 | Depths:2 | Reached skill level 15 in Fighting
 42518 | Depths:2 | Noticed a golden dragon
 42540 | Depths:2 | Killed a golden dragon
 42663 | Depths:2 | Identified the Disquisition on the Boosting Blaze
 42686 | Depths:2 | Identified the +1 trident "Jetopnor" {pierce, Fragile rElec
                  | rC+ Dex+6}
 43164 | Depths:3 | Reached XP level 23. HP: 238/238 MP: 23/23
 43186 | Depths:3 | Found a radiant altar of Vehumet.
 43335 | Depths:3 | Found a basalt altar of Yredelemnul.
 43435 | Depths:3 | Noticed a juggernaut
 43447 | Depths:3 | Killed a juggernaut
 43469 | Depths:3 | Reached skill level 15 in Invocations
 43561 | Depths:3 | Found a stormy altar of Qazlal.
 43680 | Depths:3 | Found an ancient bone altar of Kikubaaqudgha.
 43833 | Depths:3 | Reached skill level 23 in Shields
 44087 | Depths:3 | Identified the +8 hunting sling of Disaster {velocity,
                  | rPois Stlth+}
 44204 | Depths:3 | Reached XP level 24. HP: 250/250 MP: 24/24
 44264 | Depths:3 | Identified a scroll of acquirement
 44266 | Depths:3 | Found the +3 sling "Punk" {acid, rCorr}
 44977 | Depths:4 | Reached XP level 25. HP: 259/259 MP: 24/25
 45040 | Depths:4 | Found a one-way gate to the infinite horrors of the Abyss.
 45041 | Depths:4 | Noticed Frederick
 45057 | Depths:4 | Killed Frederick
 45057 | Depths:4 | Reached skill level 24 in Shields
 45067 | Depths:4 | Noticed Boris
 45092 | Depths:4 | Killed Boris
 45341 | Depths:5 | Entered Level 5 of the Depths
 45541 | Depths:5 | Found a gate to the Realm of Zot.
 45753 | Depths:5 | Noticed a juggernaut
 46592 | Snake:1  | Entered Level 1 of the Snake Pit
 47667 | Snake:3  | Reached skill level 25 in Shields
 48186 | Snake:3  | Noticed Jorgrun
 48192 | Snake:3  | Killed Jorgrun
 48221 | Snake:3  | Reached XP level 26. HP: 262/271 MP: 25/25
 48436 | Snake:4  | Entered Level 4 of the Snake Pit
 48636 | Snake:4  | Found a radiant altar of Vehumet.
 48666 | Snake:4  | Found Qyteoplu's Magic Scroll Shop.
 48715 | Snake:4  | Found Lauschoti's Food Emporium.
 48866 | Snake:4  | Noticed Vashnia
 48891 | Snake:4  | Killed Vashnia
 49095 | Snake:4  | Got a serpentine rune of Zot
 49152 | Snake:4  | Found Pauhocu's Book Shop.
 49881 | Vaults:5 | Entered Level 5 of the Vaults
 49921 | Vaults:5 | Identified the cursed +0 battleaxe of Meeletzu {holy,
                  | Str+4}
 49946 | Vaults:5 | Reached skill level 15 in Dodging
 50002 | Vaults:5 | Reached XP level 27. HP: 260/287 MP: 25/25
 50452 | Vaults:5 | Identified the amulet of Elam {RegenMP Int+4} (You found it
                  | on level 5 of the Vaults)
 50522 | Vaults:5 | Identified Sif Muna's Collected Works on Fiery Evil
 50710 | Vaults:5 | Got a silver rune of Zot
 50800 | Vaults:5 | Found the +3 pair of gauntlets of War {Slay+5}
 51444 | Zot:1    | Entered Level 1 of the Realm of Zot
 51461 | Zot:1    | Noticed an orb of fire
 51462 | Zot:1    | Gained mutation: Scrolls take you longer to read. [an orb
                  | of fire]
 51476 | Zot:1    | Gained mutation: You occasionally shout uncontrollably at
                  | your foes. [an orb of fire]
 51477 | Zot:1    | Killed an orb of fire
 52092 | Zot:1    | Found a runed translucent door.
 52092 | Zot:1    | Noticed Muataran's ghost (veteran MiMo)
 52120 | Zot:1    | Killed Muataran's ghost
 52561 | Zot:2    | Found a hazy altar of Hepliaklqana.
 52927 | Zot:2    | Found an ancient bone altar of Kikubaaqudgha.
 53129 | Zot:3    | Found the +0 Maxwell's etheric cage {RegenMP+ *Contam rElec
                  | MP+4}
 53816 | Zot:3    | Cast into level 5 of the Abyss (a Zot trap)
 53816 | Abyss:5  | Entered Level 5 of the Abyss
 53869 | Abyss:5  | Gained mutation: You sometimes yell uncontrollably at your
                  | foes. [a cacodemon]
 53875 | Abyss:5  | Gained mutation: You have very sharp teeth. [a cacodemon]
 53972 | Abyss:5  | Found a glowing golden altar of the Shining One.
 53999 | Abyss:5  | Noticed a juggernaut
 54008 | Abyss:5  | Killed a juggernaut
 54030 | Zot:3    | Escaped the Abyss
 54645 | Zot:4    | Noticed an orb of fire
 54651 | Zot:4    | Gained mutation: You often lose your temper in combat. [an
                  | orb of fire]
 54687 | Zot:4    | Killed an orb of fire
 55837 | Hell     | Entered the Vestibule of Hell
 55837 | Hell     | Noticed Geryon
 56005 | Hell     | Reached skill level 10 in Spellcasting
 56010 | Hell     | Killed Geryon
 56102 | Hell     | Found a gateway to the decaying netherworld of Tartarus.
 56258 | Hell     | Found a gateway to the ashen valley of Gehenna.
 56377 | Hell     | Found a gateway to the Iron City of Dis.
 56468 | Hell     | Found a gateway to the freezing wastes of Cocytus.
 56708 | Tar:1    | Entered Level 1 of Tartarus
 59239 | Zot:5    | Entered Level 5 of the Realm of Zot
 59335 | Zot:5    | Noticed an orb of fire
 59342 | Zot:5    | Noticed an orb of fire
 59345 | Zot:5    | Gained mutation: Armour fits poorly on your strangely
                  | shaped body. [an orb of fire]
 59345 | Zot:5    | Gained mutation: You are weak. (Str -2) [an orb of fire]
 59361 | Zot:5    | Gained mutation: You have an uncontrollable temper. [an orb
                  | of fire]
 59365 | Zot:5    | Killed an orb of fire
 59365 | Zot:5    | Gained mutation: You are dopey. (Int -2) [an orb of fire]
 59367 | Zot:5    | Gained mutation: Your spells are a little easier to cast,
                  | but a little less powerful. [an orb of fire]
 59378 | Zot:5    | Gained mutation: Your magical capacity is very low. (-20%
                  | MP) [an orb of fire]
 59381 | Zot:5    | Killed an orb of fire
 59422 | Zot:5    | Noticed an ancient lich
 59463 | Zot:5    | Killed an ancient lich
 59519 | Zot:5    | Noticed an ancient lich
 59536 | Zot:5    | Killed an ancient lich
 60607 | Zot:5    | Got the Orb of Zot
 60765 | Depths:3 | Noticed Zidad the pandemonium lord
 61177 | D:$      | Escaped with the Orb!

Levels and vault maps discovered:
D:1:      lightli_arrival_noodles, layout_loops_cross, minmay_tiny_reverse_x
D:2:      layout_basic
D:3:      layout_rooms, nemelex_xobeh_ov_fountains_minmay, minmay_circle_x,
          uniq_robin, uniq_natasha
D:4:      layout_loops_ring, lightli_temple_of_fire, first_ration,
          serial_forest, infiniplex_forest_straight_2,
          infiniplex_forest_clump_tiny, infiniplex_forest_lined_ring,
          infiniplex_forest_lined_2, infiniplex_forest_straight_2,
          infiniplex_forest_straight_2, uniq_grinder
D:5:      layout_rooms, lemuel_crystal_altar, chequers_ossuary_entry_cave,
          chequers_garden, bloody_makhleb, uniq_ijyb
D:6:      layout_cave_pools, kennysheep_mini
D:7:      layout_loops_ring, lemuel_coloured_pillars_altar,
          lemuel_temple_firewalk_a, hangedman_decor_push, grunt_ogre_cave,
          chequers_serial_rivers_room_b, uniq_menkaure, uniq_harold
D:8:      layout_loops_ring, lemuel_crystal_altar, lemuel_round_altar,
          xom_butterflies, serial_shops, shop, kennysheep_generic_room_3
D:9:      layout_roguey, erik_lair_island
D:10:     layout_gridville, uniq_psyche, uniq_maurice, uniq_erolcha
D:11:     layout_cave_pools, basic_altar, gauntlet_entry_generic, tgw_fedhas,
          uniq_grum
D:12:     layout_cave_pools, david_orc_4, enter_trove_1, grunt_gozag_breadcrumbs
D:13:     layout_basic, basic_altar, portal_ice_cave_entry_pillars_1,
          lightli_elemental_guards
D:14:     layout_rooms, grunt_vaults_entry_fortified, grunt_decor_resistance,
          basic_altar, kennysheep_generic_room_4
D:15:     grunt_enter_depths_magical_seal, layout_layer_cave, chequers_jeans,
          uniq_kirke
Temple:   nicolae_temple_great_sept
Lair:1:   layout_regular_city, grunt_megastairs_4
Lair:2:   layout_regular_city, elwin_shoals_entry_rocks,
          guppyfry_snake_entry_island, uniq_nergalle
Lair:3:   layout_small_grid, infiniplex_staircase_pool_2, uniq_sonja
Lair:4:   regret_index_bee_streams, layout_regular_city,
          chequers_serial_rivers_small_3, kennysheep_abandoned_house
Lair:5:   layout_cave_pods, slime_dummy, patterned_corridor, uniq_rupert
Lair:6:   hangedman_lair_in_review, layout_regular_city,
          hangedman_lair_caniforms_friends
Shoals:1: layout_shoals
Shoals:2: layout_shoals, serial_shops, shop_fountains,
          nicolae_shoals_kraken_party, uniq_louise, uniq_ilsuiw
Shoals:3: cheibrodos_shoals_epimethial_gifts, layout_shoals,
          argonaut_gorgonesque, uniq_bai_suzhen
Shoals:4: shoals_end_grunt_ice, layout_shoals, lemuel_centaur_altar,
          uniq_roxanne
Snake:1:  layout_rooms
Snake:2:  layout_basic
Snake:3:  layout_grid_shapes, drop_trap, abandoned_shop, uniq_jorgrun
Snake:4:  johnstein_snake_rune_scales, layout_misc_corridors, basic_altar,
          serial_shops, shop_fountains, shop, shop, guppyfry_library_mini,
          serial_bayou_shore_b
Orc:1:    layout_caves
Orc:2:    pf_orc_diabolical, layout_caves, serial_shops, shop_fountains,
          elf_legates
Elf:1:    eino_elf_arrival_altar, layout_geoelf_diagonals, minivault_28,
          billiards_dpeg, uniq_agnes
Elf:2:    layout_geoelf_octagon, ebering_ghost_rock_garden
Elf:3:    elf_hall, layout_gridlike, minmay_shop_grove
Vaults:1: v_pattern_4, v_misc_4, nicolae_vaults_little_squares_2,
          vaults_room_grunt_arrival_ludios, nicolae_vaults_circle_grid_b,
          hangedman_vaults_stagger, vaults_standard_mumra_x,
          hangedman_vaults_stitches, vaults_room_stairs_pillars,
          ontoclasm_vaults_ligature, nicolae_vaults_circle_grid_a,
          vaults_room_pool, ontoclasm_vaults_fault, vaults_dpeg_doors,
          nicolae_vaults_little_squares_5, layout_vaults_omnicross
Vaults:2: nicolae_vaults_little_squares_3, dpeg_vaults_monster_box,
          vaults_room_hangedman_quadrants, hangedman_vaults_corner,
          nicolae_vaults_border_crossing, hangedman_vaults_cutoff, v_misc_4,
          grunt_vaults_hallway_long, vaults_room_door_hall,
          ontoclasm_vaults_pinch, vaults_room_door_ring,
          nicolae_vaults_asterisk, layout_vaults_ring, serial_shops,
          nicolae_shop_temple_entry_statues_fountains, uniq_asterion
Vaults:3: v_pattern_2, nicolae_vaults_circle_grid_b, hangedman_vaults_nails,
          nicolae_vaults_windows_and_doors_thing,
          minmay_crypt_entry_simple_walls, nicolae_vaults_network_barrier,
          hangedman_vaults_pinch, grunt_vaults_focal, hangedman_vaults_cutoff,
          layout_vaults_omnigrid, serial_glass, uniq_sojobo
Vaults:4: vaults_mumra_lcd, ontoclasm_vaults_decontamination,
          nicolae_vaults_fighting_squares, nicolae_vaults_three_branches,
          vaults_room_fours, vaults_room_semicircle, v_alt_pattern_1,
          vaults_room_grunt_arrival_checkpoint, nicolae_vaults_yaktaur_gun_rack,
          ontoclasm_vaults_ring_small, vaults_room_stairs_pillars,
          dpeg_vaults_monster_row, hangedman_vaults_capsules,
          layout_vaults_omnibox
Vaults:5
Depths:1: layout_basic, enter_ziggurat_b, rand_demon_pan_entry_7, basic_altar,
          grunt_hell_entry_dis_grunt, minmay_microvault, serial_bayou_shore_a,
          uniq_aizul
Depths:2: minmay_the_grid_3x3 [minmay_the_grid_airy,
          minmay_the_grid_medium_cups, minmay_the_grid_mess,
          minmay_the_grid_dragon_a, minmay_the_grid_minigrid_small,
          minmay_the_grid_slots, minmay_the_grid_diamond_grid,
          minmay_the_grid_rooms, minmay_the_grid_prize_diamond_cup],
          layout_gridville, minmay_misc_feat_pillars, hell_entry
Depths:3: grunt_profane_halls [grunt_profane_temple_coc,
          grunt_profane_temple_tar, grunt_profane_temple_geh,
          grunt_profane_temple_dis, grunt_profane_loot], hell_entry, pan_entry
Depths:4: mu_elemental_laboratory, layout_basic, grunt_hell_horde, abyss_entry,
          chequers_serial_rivers_room_b, infiniplex_staircase_squiggle,
          serial_bayou_shore_b, uniq_boris, uniq_frederick
Depths:5: grunt_x_marks_the_spot, layout_cave_shapes, hell_entry, abyss_entry
Hell
Tar:1:    layout_catacombs, nicolae_tar_cuneiform_three
Tar:2:    layout_cathedral_of_symmetry, evilmike_ambush
          [evilmike_ambush_outer_doors, evilmike_ambush_inner_basic]
Zot:1:    layout_misc_corridors, gammafunk_ghost_grave, st_stairs_9,
          skrybe_zot_glass_3
Zot:2:    circus_mu, layout_misc_corridors, hangedman_zot_decor_slant,
          hangedman_feature_mirror, st_stairs_5
Zot:3:    layout_gridlike, st_single_dragon_hoard_1
Zot:4:    infiniplex_zot_generator, layout_misc_corridors
Zot:5:    layout_basic

Skill      XL: |  1  2  3  4  5  6  7  8  9 10 11 12 13 14 15 16 17 18 19 20 21 22 23 24 25 26 27 |
---------------+----------------------------------------------------------------------------------+-----
Fighting       | 3 4 5 6 7 8 9 10 11 12 13 14 15 16 18 21 | 21.5
Axes           | 3 4 5 7 8 10 11 12 13 14 15 16 17 18 | 18.0
Shields        | 4 5 6 7 9 10 11 12 13 14 15 16 17 18 19 21 22 23 25 | 25.0
Spellcasting   | 1 2 3 4 5 12 | 12.9
Armour         | 4 6 7 8 9 10 11 12 13 14 15 16 17 18 19 20 24 | 24.6
Invocations    | 1 4 6 7 9 11 12 14 16 17 19 24 | 24.1
Evocations     | 1 4 6 |  6.0
Slings         | 1 3 6 8 11 12 14 | 14.0
Dodging        | 5 7 9 10 11 13 15 21 | 21.0

Action                   |  1- 3 |  4- 6 |  7- 9 | 10-12 | 13-15 | 16-18 | 19-21 | 22-24 | 25-27 || total
-------------------------+-------+-------+-------+-------+-------+-------+-------+-------+-------++-------
Melee: War axe           |   126 |   166 |   306 |   928 |  1196 |  2847 |  2182 |   462 |       ||  8213
       Broad axe         |       |       |       |       |       |       |       |   696 |  3613 ||  4309
       Bite              |       |       |       |       |       |       |       |       |   397 ||   397
 Fire: Fustibalus        |       |       |    31 |    92 |    59 |       |       |    40 |     7 ||   229
       Hunting sling     |       |       |       |       |    63 |   152 |    11 |       |       ||   226
Throw: Stone             |    81 |     4 |       |       |       |       |       |       |       ||    85
       Dart              |     3 |    46 |    23 |   125 |    36 |       |     4 |    10 |       ||   247
       Boomerang         |       |    57 |    72 |    10 |     4 |       |       |       |       ||   143
       Throwing net      |       |       |     2 |       |       |       |       |       |       ||     2
       Javelin           |       |       |     7 |       |     6 |       |       |       |       ||    13
Invok: Lesser Servant of |       |       |       |       |     1 |       |       |       |       ||     1
       Greater Servant o |       |       |       |       |       |     2 |       |     1 |     8 ||    11
 Abil: Heal Wounds       |       |     3 |     1 |     1 |     3 |     6 |    19 |       |    35 ||    68
Evoke: Wand              |       |       |     3 |    32 |     8 |       |       |       |     2 ||    45
       Horn of Geryon    |       |       |       |       |       |       |       |       |     1 ||     1
       Box of beasts     |       |       |       |       |       |       |       |       |     1 ||     1
  Use: Potion            |       |     2 |     1 |     4 |     2 |       |     3 |     1 |     6 ||    19
       Scroll            |       |     6 |    11 |    10 |    11 |     9 |    21 |    10 |    14 ||    92
 Stab: Paralysed         |       |       |       |     3 |       |       |       |       |       ||     3
       Petrified         |       |       |       |       |     6 |       |       |       |       ||     6
       Distracted        |       |       |       |       |       |     1 |     3 |     1 |     7 ||    12
  Eat: Chunk             |     1 |     7 |     7 |    19 |    20 |    37 |    27 |    15 |    30 ||   163
       Ration            |       |       |     1 |     1 |     2 |     1 |     2 |       |     9 ||    16
Armor: Scale mail        |    52 |       |       |       |   150 |       |       |       |       ||   202
       Chain mail        |    10 |   119 |    76 |       |       |       |       |       |       ||   205
       Plate armour      |       |       |    12 |   372 |    96 |       |       |       |       ||   480
       Storm dragon scal |       |       |       |       |    58 |   737 |   317 |   171 |   881 ||  2164
Dodge: Dodged            |    44 |    40 |    22 |   222 |   296 |  1028 |   648 |   266 |  1839 ||  4405
Block: Shield            |    65 |   104 |   267 |  1045 |  1287 |   914 |       |       |       ||  3682
       Reflection        |       |       |    21 |     8 |    37 |   151 |   149 |    76 |   202 ||   644
       Large shield      |       |       |       |       |       |  2511 |  2285 |  1632 |  5964 || 12392
